 Dungeon Crawl Stone Soup version 0.25-a0-1133-g93ebf73 (webtiles) character file.

Game seed: 16813868983925763544, levelgen mode: deterministic

36 thirtiethelement the Skirmisher (level 3, 0/30 HPs)
             Began as a Demonspawn Abyssal Knight on May 22, 2020.
             Was a Follower of Lugonu.
             Slain by a goblin
             ... wielding a +0 club
             ... led by Robin
              (5 damage)
             ... on level 2 of the Dungeon.
             The game lasted 00:01:17 (395 turns).

thirtiethelement the Skirmisher (DsAK)               Turns: 395, Time: 00:01:18

Health: 0/30       AC:  5    Str: 13      XL:     3   Next: 19%
Magic:  4/4        EV: 11    Int: 13      God:    Lugonu [*.....]
Gold:   12         SH:  0    Dex:  6 (12) Spells: 2/2 levels left

rFire    . . .     SeeInvis .   a - +1 falchion
rCold    . . .     Gourm    .   (no shield)
rNeg     . . .     Faith    .   b - +0 leather armour
rPois    .         Spirit   .   (no helmet)
rElec    .         Reflect  .   (no cloak)
rCorr    .         Harm     .   (no gloves)
MR       .....                  (no boots)
Stlth    +.........             (no amulet)
HPRegen  0.10/turn              (no ring)
MPRegen  0.09/turn              (no ring)

@: lethally poisoned (0 -> -11)
A: claws 1, slimy green scales 1
a: Depart the Abyss, Renounce Religion


You were on level 2 of the Dungeon.
You worshipped Lugonu.
Lugonu was aware of your devotion.
You were not hungry.

You visited 1 branch of the dungeon, and saw 2 of its levels.
You visited the Abyss 1 time.

You collected 12 gold pieces.

Inventory:

Hand Weapons
 a - a +1 falchion (weapon)
Armour
 b - a +0 leather armour (worn)
Comestibles
 c - a ration


   Skills:
 + Level 3.7 Fighting
 + Level 2.0 Long Blades
 + Level 2.1 Armour
 + Level 1.0 Dodging
 + Level 2.6 Invocations


You had 2 spell levels left.
You didn't know any spells.
Your spell library was empty.

Dungeon Overview and Level Annotations

Branches:
Dungeon (1/15)

Altars:

Annotations:
D:2 Robin


Innate Abilities, Weirdness & Mutations

You have sharp fingernails.
You are partially covered in slimy green scales. (AC +2)


Message History

The hobgoblin is moderately wounded.
Robin throws the goblin at you! The hobgoblin hits you.
The goblin completely misses you. The hobgoblin hits you with a +0 club!
The goblin hits you but does no damage. Robin barely misses you.
The hobgoblin barely misses you.
You barely miss the hobgoblin.
The hobgoblin is moderately wounded.
The goblin hits you with a +2 dagger of venom.
You are lethally poisoned!
The hobgoblin hits you with a +0 club.
* * * LOW HITPOINT WARNING * * *
The goblin hits you but does no damage. Robin barely misses you.
The hobgoblin hits you but does no damage.
The goblin closely misses you.
You hit the hobgoblin.
You kill the hobgoblin!
Lugonu accepts your kill.
* * * LOW HITPOINT WARNING * * *
You feel sick. The goblin hits you with a +0 club.
You die...

+.+ #.# #.#
... #.## #
+.g #. #)#
#.#+##@####.#
#....gggg...#
#.#'##)####.#
#..'†+ #).#.#
#.####.##+#.#
#...........#
#.####.##+#.#
+.+


You could see Robin, a hobgoblin and 3 goblins.

Vanquished Creatures
  A quasit (Abyss:1)
  2 goblins (D:2)
  A hobgoblin (D:2)
4 creatures vanquished.

Notes
Turn   | Place    | Note
-------+----------+-------------------------------------------
     0 | Abyss:1  | thirtiethelement the Demonspawn Abyssal Knight began the
                  | quest for the Orb.
     0 | Abyss:1  | Reached XP level 1. HP: 18/18 MP: 2/2
    76 | Abyss:1  | Noticed a starcursed mass
   101 | Abyss:1  | Noticed a quasit
   121 | Abyss:1  | Killed a quasit
   121 | Abyss:1  | Reached skill level 1 in Dodging
   121 | Abyss:1  | Gained mutation: You have sharp fingernails. [demonic
                  | ancestry]
   121 | Abyss:1  | Reached XP level 2. HP: 6/25 MP: 3/3
   121 | Abyss:1  | Gained mutation: You are partially covered in slimy green
                  | scales. (AC +2) [demonic ancestry]
   121 | Abyss:1  | Reached XP level 3. HP: 7/30 MP: 4/4
   123 | D:1      | Escaped the Abyss
   373 | D:1      | You fall into a shaft and drop 1 floor!
   388 | D:2      | Noticed Robin
   395 | D:2      | Slain by a goblin

Illustrated notes

Levels and vault maps discovered:
D:1:      minmay_arrival_cross, layout_basic
D:2:      minmay_door_path, layout_basic, first_ration, uniq_natasha,
          uniq_robin, uniq_terence

Skill      XL: |  1 |
---------------+----+-----
Long Blades    | 2 |  2.0
Armour         | 2 |  2.1
Dodging        | 1 |  1.0
Fighting       | |  3.7
Invocations    | |  2.6

Action                   || total
-------------------------++-------
Melee: Falchion          ||    21
Armor: Leather armour    ||    20
Dodge: Dodged            ||    39
       Rpst.: Falchion   ||     7

Table legend:
 A = Non-vault XP
 B = Vault XP
 C = Vault XP percentage of total XP
 D = Non-vault monster count
 E = Vault monster count
 F = Vault count percentage of total count
                 A         B        C        D         E       F
            +---------+---------+-------+---------+---------+-------
      Total |      46 |       6 |  11.5 |       1 |       3 |  75.0
            +---------+---------+-------+---------+---------+-------
        D:2 |       0 |       6 | 100.0 |       0 |       3 | 100.0
    Abyss:1 |      46 |       0 |   0.0 |       1 |       0 |   0.0
            +---------+---------+-------+---------+---------+-------
